Construct Section Command Post
Selects Australian Defense Battlegroup
Construct Field Infirmary
Selects Australian Light Infantry Section
Selects 2-pounder Anti-tank Gun Team
2-pounder Anti-tank Gun Team
Construct Platoon Command Post
Unlock Bishop Self-propelled Artillery
Bishop Self-propelled Artillery
Selects Vehicle Over Repair
Bishop Self-propelled Artillery
Bishop Self-propelled Artillery
2-pounder Anti-tank Gun Team